[Event "Late-Titled-Tuesday-Blitz-February-27-2024"]
[Site "Chess.com"]
[Date "2024.02.27"]
[Round "4"]
[White "delqate"]
[Black "reevecanada"]
[Result "1-0"]
[WhiteElo "2418"]
[BlackElo "2611"]
[TimeControl "180+1"]
[EndTime "14:41:22 PST"]
[Termination "delqate won by checkmate"]

1. e4 c5 2. Nf3 d6 3. c3 Nf6 4.
Be2 g6 5. O-O Bg7 6. Re1 O-O 7. Bf1 Nbd7 8. d4 cxd4 9. cxd4 a6 10.
h3 b5 11. a4 b4 12. Bg5 Bb7 13. e5 dxe5 14. dxe5 Nd5 15. a5 Nc5 16. Nbd2 Qd7 17.
Nb3 Rfc8 18. Rc1 Ne6 19. Bd2 Qe8 20. Nfd4 Rxc1 21. Bxc1 Rc8 22. Nxe6 fxe6 23. Nd4 Qf7 24. Qg4 Bxe5 25. Rxe5 Rxc1 26. Nxe6 Bc8 27. Rxd5 Bxe6 28. Rd8+ Kg7 29. Qd4+ Qf6 30. Qd2 Rb1 31. Qxb4 Rxb2 32. Qe1 Bf5 33. Rd1 Bc2 34. Rc1 Bf5 35. Qe3 Qe6 36.
Qxe6 Bxe6 37. Rc6 Bf5 38. Bxa6 Rb1+ 39. Kh2 Ra1 40. Rc5 Ra2 41. Kg3 h5 42. Bb7 h4+ 43.
Kxh4 Ra3 44. f3 Kf6 45. Kg3 e5 46. a6 Bd3 47. Rd5 Bc4 48. Rc5 Bd3 49. Rd5 Bc4 50.
Rd6+ Kf5 51. Bc8+ Kg5 52. h4+ Kh5 53. Bb7 Bd3 54. Rxd3 Rxd3 55. a7 Ra3 56. a8=Q Rxa8 57. Bxa8 e4 58. Bxe4 g5 59. hxg5 Kxg5 60. Kf2 Kf6 61.
g4 Kg7 62. Ke3 Kh8 63. f4 Kg7 64. Kf3 Kh8 65. Bd3 Kg7 66. Bc2 Kh8 67. Bd1 Kg7 68. f5 Kh8 69. Kf4 Kg7 70. g5 Kh8 71. f6 Kg8 72.
Kf5 Kh8 73. Kg6 Kg8 74. Kh6 Kh8 75. g6 Kg8 76. Bb3+ Kh8 77. g7# 1-0

[Event "Late-Titled-Tuesday-Blitz-February-27-2024"]
[Site "Chess.com"]
[Date "2024.02.27"]
[Round "4"]
[White "MeisterJabo"]
[Black "TomsKantans"]
[Result "0-1"]
[WhiteElo "2461"]
[BlackElo "2674"]
[TimeControl "180+1"]
[EndTime "14:41:25 PST"]
[Termination "TomsKantans won by resignation"]

1. c4 e5 2. g3 Nc6 3. Bg2 Bc5 4. Nc3 d6 5. e3 a6 6. Nge2 Ba7 7. d4 h5 8. h3 h4 9. g4 f5 10. f3 Qe7 11.
O-O Nh6 12. Nd5 Qf7 13. b4 Be6 14. g5 Ng8 15. f4 e4 16. Nec3 Nd8 17. b5 c6 18. bxc6 bxc6 19. Qa4 Qd7 20. Nb4 Bxc4 21. Rd1 Ne7 22. Ba3 O-O 23. Rac1 a5 24. Nc2 d5 25. Na1 Nb7 26. Qc2 Rfb8 27. Nb3 Bb6 28. Bf1 Bxf1 29. Rxf1 Nc8 30. Na4 Nbd6 31. Qxc6 Qxc6 32. Rxc6 Nc4 33. Bc5 Bxc5 34. Nbxc5 N8b6 35. Nxb6 Rxb6 36. Rxb6 Nxb6 37. Rb1 Nc4 38. Kf2 Ra7 39. Rb7 Rxb7 40. Nxb7 Kf7 41. Nc5 Ke7 42. Ke2 Kd6 43. Nb3 g6 44. Nc5 Ke7 45.
Nb7 a4 46. Nc5 a3 47. Nb7 Nb2 48. Kd2 Nc4+ 49. Ke2 Nb6 50. Nc5 Kd6 51. Nb3 Kc6 52. Nd2 Kb5 53. Nb3 Kc4 54. Nc5 Kc3 55. Ne6 Kb2 56.
Nf8 Kxa2 57. Nxg6 Kb2 58. Ne7 Nd7 59. g6 a2 60. g7 Nf6 61. Nxd5 Ng8 62. Nf6 Nxf6 63.
d5 a1=Q 64. d6 Qa6+ 0-1

[Event "Late-Titled-Tuesday-Blitz-February-27-2024"]
[Site "Chess.com"]
[Date "2024.02.27"]
[Round "4"]
[White "KamilGrycel"]
[Black "LikeWater"]
[Result "0-1"]
[WhiteElo "2492"]
[BlackElo "2684"]
[TimeControl "180+1"]
[EndTime "14:41:27 PST"]
[Termination "LikeWater won by resignation"]

1. d4 e6 2. Nf3 c5 3. c3 d5 4. Bf4 Qb6 5. Qb3 Ne7 6. e3 Ng6 7. Bg3 Nc6 8. Nbd2 c4 9. Qc2 f5 10. b3 cxb3 11. axb3 Be7 12. h4 O-O 13. h5 Nh8 14.
Bd3 Nf7 15. b4 Bd7 16. Nb3 a5 17. Nc5 axb4 18. Rxa8 Rxa8 19. Nxd7 Qd8 20. O-O Qxd7 21. Rb1 Ra3 22. Bb5 Rxc3 23. Qa2 Ra3 24. Qc2 Bd6 25. Bxd6 Qxd6 26. Bxc6 bxc6 27. Qd2 Ra4 28. Qc2 Ra5 29. Nd2 g6 30. Nb3 Rb5 31. Ra1 e5 32. Ra6 exd4 33. Rxc6 Qe7 34. Nxd4 Rb7 35. Rc8+ Kg7 36. Qb2 Kh6 37.
Qd2 Kxh5 38. Nf3 b3 39. Qd4 b2 40. Nd2 b1=Q+ 41. Nxb1 Rxb1+ 42. Kh2 Qe5+ 43. Qxe5 Nxe5 44. Rc7 h6 45. Kg3 Rb2 46. f3 Nc4 47. Re7 Re2 48. Kh3 Rxe3 49. Rd7 Nb6 50. Rd6 Rb3 51. Kg3 Kg5 52.
Kh3 f4 53. Re6 Kf5 54. Re8 d4 55. Rf8+ Ke5 56. Re8+ Kd5 57. Rd8+ Kc4 58. Rg8 d3 59. Rxg6 d2 60. Rxb6 Rxb6 61. Kg4 d1=Q 62. Kxf4 Qd4+ 63. Kg3 Rg6+ 64. Kh2 Qf2 0-1

[Event "Late-Titled-Tuesday-Blitz-February-27-2024"]
[Site "Chess.com"]
[Date "2024.02.27"]
[Round "4"]
[White "becemix"]
[Black "Binary010"]
[Result "0-1"]
[WhiteElo "2408"]
[BlackElo "2812"]
[TimeControl "180+1"]
[EndTime "14:41:27 PST"]
[Termination "Binary010 won on time"]

1. e4 e5 2. Nc3 Nf6 3. g3 d5 4. exd5 c6 5. Bg2 cxd5 6. d3 Nc6 7.
Nge2 h6 8. O-O Bc5 9. a3 O-O 10. b4 Bb6 11. Na4 Bc7 12. c4 Bg4 13. h3 Bh5 14. g4 Bg6 15. Bb2 dxc4 16. dxc4 Qe7 17.
Nac3 Rad8 18. Nd5 Nxd5 19. cxd5 e4 20. Re1 e3 21. f4 Be4 22. Ng3 Rxd5 23. Nf5 Qe6 24.
Nxg7 Rxd1 25. Nxe6 Rxe1+ 26. Rxe1 Bxg2 27. Nxc7 Bxh3 28. Rxe3 Bxg4 29. Ne8 f5 30. Nf6+ Kf7 31. b5 Ne7 32. Rd3 Kg6 33. Rd6 Kf7 34. Nd7 Rg8 35. Rf6+ Ke8 36. Ne5 Be2+ 37. Kf2 Bxb5 38. Re6 Kf8 39.
a4 Bc6 40. Ba3 Rg7 41. Ng6+ Kf7 42. Rxe7+ Kxg6 43. Rxg7+ Kxg7 44. Bc5 b6 45. Bd6 Bxa4 46. Bb8 a6 47. Bc7 b5 48. Ba5 Bb3 49. Kg3 Bd5 50. Kh4 Be4 51. Bb4 Kg6 52. Ba5 h5 53. Bb4 Bf3 54. Kg3 Bg4 55. Kf2 Kf7 56. Ke3 Ke6 57. Be1 Kd5 58. Kd3 Kc5 59. Bf2+ Kb4 60. Be1+ Ka4 61.
Kc3 b4+ 62. Kc4 Be2+ 63. Kd4 b3 64. Kc3 Ka3 0-1

[Event "Late-Titled-Tuesday-Blitz-February-27-2024"]
[Site "Chess.com"]
[Date "2024.02.27"]
[Round "4"]
[White "GotCheeseCheckers"]
[Black "PepeCuenca"]
[Result "1-0"]
[WhiteElo "2558"]
[BlackElo "2709"]
[TimeControl "180+1"]
[EndTime "14:41:28 PST"]
[Termination "GotCheeseCheckers won on time"]

1. e4 c5 2. Nf3 Nc6 3. Bb5 e5 4.
O-O Bd6 5. c3 a6 6. Ba4 b5 7. Bc2 Nge7 8. d4 cxd4 9. cxd4 Nxd4 10. Nxd4 exd4 11. Qxd4 Qc7 12. h3 Bb7 13. Nc3 Bh2+ 14.
Kh1 Be5 15. Qd3 O-O 16. Bb3 Kh8 17. Bg5 f6 18. Be3 f5 19. Nd5 Bxd5 20. exd5 f4 21. Rac1 Qd8 22. Bd4 Bxd4 23. Qxd4 f3 24. g3 d6 25.
Rfe1 Ng6 26. Bc2 Qd7 27. Kh2 Ne5 28. Qh4 g6 29. Be4 Rac8 30. Rxc8 Qxc8 31. Qe7 Qd8 32. Qxd8 Rxd8 33. Rc1 Kg7 34. Rc7+ Rd7 35. Rc8 Nc4 36.
Bxf3 Nxb2 37. Rc6 Nc4 38. Rxa6 Ne5 39. Kg2 b4 40. Rb6 Nd3 41. Be2 Nc1 42. Bc4 Rc7 43. Bb3 Nxb3 44. axb3 Rc5 45. Rxd6 Rc3 46. Rd7+ Kh6 47. h4 Rxb3 48. g4 g5 49. Rd6+ Kg7 50. hxg5 Rd3 51. f4 b3 52. Rb6 Rxd5 53. Rxb3 Rd1 54.
Kf3 Rf1+ 55. Ke4 Rc1 56. Rd3 Rc4+ 57. Rd4 Rc7 58. Rd5 Re7+ 59. Re5 Ra7 60. Rd5 Re7+ 61. Kf3 Ra7 62. Re5 Rb7 63. f5 Rc7 64. Kf4 Rc4+ 65. Re4 Rc7 66. Ra4 Rb7 67. Re4 Rc7 68. Rb4 Ra7 69.
Ke5 Re7+ 70. Kd6 Ra7 71. Rc4 Ra6+ 72. Ke5 Ra5+ 73. Kf4 Ra7 74. Kg3 Rb7 75. Kh4 Ra7 76.
Kh5 Rb7 77. Re4 Ra7 78. Re7+ Rxe7 79. f6+ Kf7 80. fxe7 Kxe7 81. Kh6 Kf8 82. Kxh7 1-0

[Event "Late-Titled-Tuesday-Blitz-February-27-2024"]
[Site "Chess.com"]
[Date "2024.02.27"]
[Round "4"]
[White "KNVB"]
[Black "Escudito"]
[Result "1-0"]
[WhiteElo "2822"]
[BlackElo "2409"]
[TimeControl "180+1"]
[EndTime "14:41:28 PST"]
[Termination "KNVB won by resignation"]

1. e4 c6 2. Nf3 d5 3. Nc3 Nf6 4.
Qe2 d4 5. Nb1 g6 6. d3 Bg7 7. g3 O-O 8. Bg2 c5 9. O-O Nc6 10.
Nbd2 e5 11. Nc4 Qe7 12. a4 Nd7 13. Bd2 b6 14. c3 Ba6 15. cxd4 cxd4 16. Rfc1 Rac8 17.
Be1 Rc7 18. h4 h6 19. h5 g5 20. Bh3 Rfc8 21. Qd1 Nd8 22. Nfd2 Ne6 23. Bf5 Ndc5 24. Qe2 Bxc4 25. Rxc4 Na6 26. Rac1 Rxc4 27. Rxc4 Rxc4 28.
Nxc4 Nec5 29. Qc2 Bf8 30. b4 Nb7 31. Bc8 Nb8 32. Bxb7 Qxb7 33. Nxe5 Bd6 34. Nc4 Qc7 35. Qe2 Bf8 36. Qf3 Nc6 37. b5 Nd8 38. Qf5 Ne6 39.
Qe5 Qc8 40. Kg2 Bg7 41. Qd5 Qe8 42. Qc6 Qd8 43. a5 bxa5 44. Bxa5 Qe7 45. Qa8+ Kh7 46. Qd5 Qf6 47. Qf5+ Qxf5 48. exf5 Nc5 49. Nb2 Bf8 50.
Bb4 Kg8 51. Bxc5 Bxc5 52. Kf3 Kf8 53. Ke4 Ke7 54. Kd5 Bb6 55. g4 f6 56. Nc4 Bc7 57. Kxd4 Kd7 58. Kd5 Bd8 59. f3 Be7 60. Nd2 Bb4 61. Ne4 Be7 62. d4 Bd8 63. Nc5+ Kc7 64. Ne6+ Kd7 65. Nxd8 Kxd8 66. Ke6 Ke8 67. Kxf6 1-0

[Event "Late-Titled-Tuesday-Blitz-February-27-2024"]
[Site "Chess.com"]
[Date "2024.02.27"]
[Round "4"]
[White "Zampronha1971"]
[Black "PattyCastillo"]
[Result "1/2-1/2"]
[WhiteElo "2335"]
[BlackElo "1982"]
[TimeControl "180+1"]
[EndTime "14:41:32 PST"]
[Termination "Game drawn - insufficient material"]

1. e4 c5 2. Nf3 d6 3. d4 cxd4 4. Nxd4 Nf6 5. Nc3 a6 6. Bg5 e6 7. f4 h6 8. Bh4 Qb6 9. a3 Be7 10. Bf2 Qc7 11. Qd2 Nbd7 12. O-O-O b5 13. Be2 Bb7 14.
Bf3 Rc8 15. Ndxb5 axb5 16. Nxb5 Qc4 17. e5 Bxf3 18. exf6 Bxd1 19. fxe7 Qxc2+ 20. Qxc2 Bxc2 21. Nxd6+ Kxe7 22. Nxc8+ Rxc8 23. Kd2 Bb3 24. Rc1 Rxc1 25. Kxc1 Kd6 26. Kd2 Kd5 27. Kc3 Bd1 28. Bd4 f6 29. b3 e5 30. fxe5 fxe5 31. Bg1 Nc5 32. b4 Na4+ 33.
Kd2 Bb3 34. Bf2 g5 35. Ke3 h5 36. Kf3 Bd1+ 37. Kg3 Nb2 38. Be3 g4 39. Kh4 Nc4 40. Bc1 e4 41. g3 e3 42. Bxe3 Nxe3 43. Kxh5 Nf1 44. a4 Nxh2 45. a5 Kc6 46. Kg5 Kb5 47.
Kf4 Nf1 48. Kg5 Nxg3 49. Kf4 Nf1 50. a6 Nd2 51. a7 Bf3 52. a8=Q Bxa8 53. Kxg4 Kxb4 54.
Kf4 Kc4 55. Kg5 Kd3 56. Kh6 Ne4 57. Kh7 Kd4 58. Kh6 Ke5 59. Kh7 Kf4 60. Kh6 Nf6 61. Kg6 Ke5 62. Kf7 Be4 63. Kg7 Bd5 64. Kf8 Be4 65.
Kg7 Bf5 66. Kf8 Ke6 67. Kg7 Be4 68. Kh6 Kf5 69. Kg7 Bd5 70. Kf8 Ke6 71. Kg7 Bc4 72.
Kg6 Bd3+ 73. Kg5 Be2 74. Kf4 Bd3 75. Ke3 Bc2 76. Kd2 Bg6 77. Ke3 Kd5 78. Kf4 Kd4 79. Kg5 Nd7 80. Kxg6 1/2-1/2

[Event "Late-Titled-Tuesday-Blitz-February-27-2024"]
[Site "Chess.com"]
[Date "2024.02.27"]
[Round "4"]
[White "Yushko_Olga"]
[Black "PapaieDudu"]
[Result "0-1"]
[WhiteElo "2195"]
[BlackElo "2396"]
[TimeControl "180+1"]
[EndTime "14:41:33 PST"]
[Termination "PapaieDudu won by checkmate"]

1. d4 d5 2. c4 e6 3. cxd5 Nf6 4. dxe6 Bxe6 5. Nc3 h6 6. Bf4 c6 7. e3 Bb4 8. Bd3 O-O 9. Qc2 Nbd7 10. Ne2 c5 11. O-O Rc8 12. dxc5 Nxc5 13. Bf5 Qe7 14. Bxe6 Nxe6 15.
Be5 Nd7 16. Qb3 Nxe5 17. Nd5 Qg5 18. Nxb4 Nc5 19. Qd5 Rfd8 20. f4 Qh5 21. Qxe5 Qxe2 22. Nd5 Re8 23. Qf5 Ne6 24. Rf2 Qc4 25. Rf3 Rc5 26.
Nf6+ gxf6 27. Rg3+ Kf8 28. Qxf6 Qe4 29. Qxh6+ Ke7 30.
Qh4+ Kd7 31. Rd1+ Kc7 32. Qf6 Rf5 33. Qc3+ Rc5 34. Qf6 Rf5 35. Rc1+ Kb8 36. Qh6 Nc7 37. Qd6 Qe7 38. Qd3 Rd5 39. Qb3 Rb5 40. Rxc7 Qxc7 41. Qxb5 Qc1+ 42. Kf2 Qc2+ 43. Qe2 Qc5 44. Rg5 f5 45. Qd3 Qc1 46. Qc3 Qd1 47. Rg7 Ka8 48. Qc7 Qd2+ 49. Kg3 Qe1+ 50. Kh3 Qxe3+ 51. g3 Qe4 52.
Rf7 Rh8+ 53. Rh7 Re8 54. Qd7 Rb8 55. Qc7 Qf3 56. Rd7 Qf1+ 57. Kh4 Qe2 58. Rd8 Qg4# 0-1

[Event "Late-Titled-Tuesday-Blitz-February-27-2024"]
[Site "Chess.com"]
[Date "2024.02.27"]
[Round "4"]
[White "djano"]
[Black "Hamisandwich"]
[Result "1/2-1/2"]
[WhiteElo "2590"]
[BlackElo "2760"]
[TimeControl "180+1"]
[EndTime "14:41:35 PST"]
[Termination "Game drawn - insufficient material"]

1. e4 e5 2. Nf3 Nc6 3. Bc4 Bc5 4. c3 Nf6 5. d4 exd4 6. cxd4 Bb4+ 7. Nbd2 d5 8. exd5 Nxd5 9. O-O O-O 10. a3 Be7 11. b4 Nb6 12. Bb2 Nxc4 13. Nxc4 Be6 14. Nce5 Bd5 15.
Re1 Bf6 16. Rc1 Nb8 17. Qc2 c6 18. Qf5 Be6 19. Qf4 Nd7 20. h4 Nb6 21. Ng5 Nd5 22. Qg3 Bf5 23. Qf3 g6 24. Ngxf7 Rxf7 25. Nxf7 Kxf7 26. g4 Qd7 27. gxf5 gxf5 28. Kh1 Rg8 29. Qh5+ Kg7 30. Rg1+ Kh8 31. Rxg8+ Kxg8 32. Rg1+ Kh8 33. Qh6 Qf7 34. Rg2 Bg7 35. Qg5 h6 36. Qg3 Qh5 37.
Kh2 f4 38. Qh3 f3 39. Rg3 Nf4 40. Qg4 Qxg4 41. Rxg4 Nd3 42. Bc3 Nxf2 43. Rf4 Nd1 44. Rxf3 Nxc3 45. Rxc3 Bxd4 46. Rd3 Be5+ 47. Kh3 b6 48.
Rd7 a5 49. bxa5 bxa5 50. a4 h5 51. Kg2 Bc3 52. Kf3 Bb4 53. Ke4 Be1 54. Kf5 Bxh4 55. Kg6 Kg8 56. Rc7 Kf8 57. Rxc6 Bd8 58. Rc8 Ke7 59.
Ra8 h4 60. Ra7+ Kd6 61. Rh7 Kc5 62. Kf5 Kb4 63. Ke6 Kxa4 64. Kd7 Bg5 65. Rh5 Bf6 66. Rh6 Bc3 67. Rxh4+ Kb3 68. Kc6 a4 69. Kb5 a3 70.
Ra4 a2 71. Rxa2 Kxa2 1/2-1/2

[Event "Late-Titled-Tuesday-Blitz-February-27-2024"]
[Site "Chess.com"]
[Date "2024.02.27"]
[Round "4"]
[White "N_Mullodzhanov"]
[Black "JiiHart"]
[Result "0-1"]
[WhiteElo "2448"]
[BlackElo "2171"]
[TimeControl "180+1"]
[EndTime "14:41:51 PST"]
[Termination "JiiHart won by checkmate"]

1. e4 c5 2. c3 d5 3. exd5 Qxd5 4. d4 cxd4 5. cxd4 Nc6 6. Nf3 Bg4 7. Nc3 Bxf3 8. Nxd5 Bxd1 9. Nc7+ Kd8 10. Nxa8 Bh5 11. Bf4 e6 12. Be2 Bb4+ 13. Kf1 Bxe2+ 14. Kxe2 Nge7 15. a3 Nd5 16. Be3 Be7 17. b4 Kd7 18. Rhc1 Rxa8 19. Kd3 a6 20. Bd2 Rd8 21. Rc2 Ke8 22.
Rac1 Bf6 23. Rc4 e5 24. Re1 Kf8 25. Rxc6 bxc6 26. dxe5 Be7 27. Kc2 c5 28. Kb3 cxb4 29.
axb4 Rb8 30. Re4 a5 31. Rd4 Nxb4 32. Ka4 Ke8 33. f4 Bc5 34. Rc4 Nd3 35. Kxa5 Bb6+ 36.
Kb5 Be3+ 37. Kc6 Bxd2 38. Rd4 Nb4+ 39. Kc7 Ra8 40. Rxd2 Ra7+ 41. Kb6 Rd7 42. Rb2 Nd5+ 43. Kc5 Ke7 44. Rb5 Nxf4 45. Kc4 Ne6 46. Kc3 Rc7+ 47. Kb2 Rc5 48. Rb7+ Nc7 49. Rb3 Ke6 50. Rg3 g6 51.
Rh3 h5 52. g4 Rxe5 53. gxh5 gxh5 54. Rg3 f5 55. Rg6+ Kd5 56. Rh6 f4 57. Kc3 Ke4 58.
Rc6 Nd5+ 59. Kd2 f3 60. Rc4+ Kf5 61. h4 Nf4 62. Rc8 Kg4 63. Rg8+ Kxh4 64. Rg1 f2 65.
Rf1 Kg3 66. Rc1 Kg2 67. Kc3 f1=Q 68. Rxf1 Kxf1 69. Kd4 Re2 70. Kc5 Kf2 71. Kb4 Ke3 72.
Kc3 Rd2 73. Kb3 Kd3 74. Kb4 Rc2 75. Kb3 Nd5 76. Ka4 Rb2 77. Ka5 Kc4 78. Ka6 Kc5 79.
Ka7 Kc6 80. Ka8 Kc7 81. Ka7 Ra2# 0-1

[Event "Late-Titled-Tuesday-Blitz-February-27-2024"]
[Site "Chess.com"]
[Date "2024.02.27"]
[Round "4"]
[White "protectiago"]
[Black "ChessFanNM"]
[Result "0-1"]
[WhiteElo "2086"]
[BlackElo "2336"]
[TimeControl "180+1"]
[EndTime "14:41:51 PST"]
[Termination "ChessFanNM won by resignation"]

1. d4 d5 2. c4 e6 3. Nf3 Nf6 4. g3 c5 5. cxd5 exd5 6. Bg2 Nc6 7. O-O cxd4 8. Nxd4 Bc5 9. Nb3 Bb6 10. Bg5 Be6 11. Nc3 d4 12. Ne4 O-O 13. Nxf6+ gxf6 14. Bh6 Re8 15. Rc1 Rc8 16. Nd2 Bf5 17. Nf3 Bg6 18. Nh4 Qe7 19. Nxg6 hxg6 20. Rc2 Qe6 21. Bc1 Qxa2 22. b4 Qe6 23. b5 Nb4 24. Rxc8 Rxc8 25. Bxb7 Rc7 26. Bf3 Nd5 27. Ba3 Nc3 28. Qd3 Kg7 29.
Rc1 Qe5 30. Kg2 Nxb5 31. Rxc7 Nxc7 32. Bb2 Qb5 33. Qxb5 Nxb5 34. Bc6 Nd6 35. Kf3 Nc4 36. Ba1 Ne5+ 37. Ke4 Nxc6 38. Kd5 Ne7+ 39. Kd6 Nf5+ 40. Kd5 Kf8 41. Kc6 Ke7 42. g4 Ng7 43. Kb7 Kd6 44.
Bb2 Ne6 45. Ba3+ Nc5+ 46. Ka8 Kd5 47. Kb8 Nb3 48. Bc1 Nc5 49. e4+ Nxe4 50. f3 Nc5 51. Bb2 d3 52. Bc3 Na4 53. Bd2 Kc4 54. f4 Nc5 55. f5 g5 56. h3 Ne4 57. h4 gxh4 58. Be3 d2 59. g5 fxg5 60. Bxd2 Nxd2 61. f6 Ne4 62. Kc8 Nxf6 63. Kb7 Ng4 64. Kc6 Ne3 65.
Kd7 Nc2 66. Ke8 Nb4 67. Kxf7 Kb3 68. Kg6 Ka4 69. Kxg5 Kb5 70. Kxh4 a5 71. Kg3 a4 72. Kf3 a3 73. Ke2 a2 74. Kd1 a1=Q+ 75. Kd2 Qa3 76.
Ke2 Kc4 0-1

[Event "Late-Titled-Tuesday-Blitz-February-27-2024"]
[Site "Chess.com"]
[Date "2024.02.27"]
[Round "4"]
[White "NMJeevanK"]
[Black "bancsoo"]
[Result "0-1"]
[WhiteElo "2602"]
[BlackElo "2893"]
[TimeControl "180+1"]
[EndTime "14:42:03 PST"]
[Termination "bancsoo won by checkmate"]

1. e4 e5 2. Nf3 d6 3. d4 exd4 4.
Nxd4 Nf6 5. Nc3 Be7 6. Be2 O-O 7. O-O Re8 8. Re1 Bf8 9. Bf1 c6 10.
Bf4 Nbd7 11. Nb3 Ne5 12. h3 h6 13. Qd2 Qc7 14. Rad1 Be6 15. Nd4 Bd7 16. a3 Rad8 17. Qe3 Bc8 18. Bg3 b5 19. Nf3 a5 20. Bh4 Be7 21.
Nxe5 dxe5 22. Qf3 Be6 23. Rxd8 Rxd8 24. Rd1 Ra8 25. Bg3 b4 26. axb4 axb4 27. Ne2 c5 28. b3 Ra2 29. Qd3 c4 30. bxc4 Bxc4 31. Qf3 Rxc2 32. Nd4 Rc3 33. Qf5 Bxf1 34. Bxe5 Qb7 35.
Rxf1 Rc5 36. Nf3 Qxe4 37. Qxe4 Nxe4 38. Re1 f5 39. g4 g6 40. gxf5 gxf5 41. Bf4 Kh7 42.
Nd2 Bf6 43. Nxe4 fxe4 44. Rxe4 Rb5 45. Re1 b3 46. Bc1 b2 47. Bxb2 Rxb2 48. Re3 Kg6 49. Kg2 Kf5 50. Rf3+ Kg6 51. Rg3+ Kf7 52. Rf3 Rb4 53.
Kg3 Ke6 54. Re3+ Kf5 55. Rf3+ Kg5 56. h4+ Kg6 57. h5+ Kg7 58. Rd3 Be5+ 59. Kh3 Kf6 60. Re3 Kf5 61. Rf3+ Bf4 62. Rc3 Rb5 63. f3 Kg5 64.
Rc4 Rf5 65. Re4 Kxh5 66. Re6 Kg5 67. Re8 Kg6 68. Rg8+ Kf7 69. Rh8 Rf6 70. Kg4 Bg5 71. Rh7+ Kg6 72. Rb7 Rf4+ 73. Kg3 Rc4 74. Rb6+ Kf7 75.
Ra6 Kg7 76. Kh3 Bf6 77. Ra5 Kg6 78. Kg3 h5 79. Kh3 Bg5 80. Ra6+ Bf6 81. Ra5 Rc3 82. Kg3 h4+ 83. Kg4 Rc4+ 84. f4 Rc3 85.
Ra8 Rg3# 0-1

[Event "Late-Titled-Tuesday-Blitz-February-27-2024"]
[Site "Chess.com"]
[Date "2024.02.27"]
[Round "4"]
[White "Rawnsdale"]
[Black "IraZyne"]
[Result "1-0"]
[WhiteElo "2518"]
[BlackElo "2349"]
[TimeControl "180+1"]
[EndTime "14:42:03 PST"]
[Termination "Rawnsdale won on time"]

1. e4 Nf6 2. e5 Nd5 3. d4 d6 4. c4 Nb6 5. Nf3 Bg4 6. exd6 exd6 7. Nc3 Be7 8. Be3 O-O 9. b3 c6 10. Be2 d5 11. cxd5 Nxd5 12. Nxd5 Qxd5 13. O-O Nd7 14.
h3 Bh5 15. g4 Bg6 16. Bc4 Qd6 17. Qd2 Nb6 18. Ne5 Be4 19. Bf4 Qd8 20. Rfe1 Bd5 21. Bd3 g6 22. Bh6 Re8 23. Qf4 f6 24. Nc4 Qd7 25.
Re3 g5 26. Qf5 Qxf5 27. gxf5 Kf7 28. Rae1 Bb4 29. Rxe8 Rxe8 30. Rxe8 Kxe8 31. f4 gxf4 32. Bxf4 Kd7 33. Kf2 Nc8 34. Ne3 Bf7 35. Ng4 Be7 36.
Bg3 Nd6 37. Bh4 Ne8 38. Be4 Bd5 39. Ke3 Kd6 40. Bd3 Bg2 41. Nf2 Ng7 42. Bg3+ Kd7 43. Bf4 Nh5 44. Bh2 a6 45. Be2 Ng7 46. h4 Nxf5+ 47.
Kd3 Bd6 48. Bxd6 Nxd6 49. h5 h6 50. Ng4 Be4+ 51. Ke3 f5 52. Nxh6 Ke6 53. Kf4 Kf6 54. Ng8+ Kg7 55. Ne7 Kf6 56. Ng6 Nf7 57. Ne5 Nh6 58.
a3 Bc2 59. b4 Bb3 60. Nd7+ Ke7 61. Nc5 Bd5 62. Nxb7 Bf7 63. Nc5 Ng8 64. Nxa6 Nf6 65.
Nc5 Nxh5+ 66. Bxh5 Bxh5 67. Kxf5 Kd6 68. Ke4 Bd1 69. Kd3 Bf3 70. Kc3 Bd5 71. a4 Kc7 72.
a5 Bg2 73. Ne6+ Kb7 74. Nf4 Be4 75. Nd3 Bd5 76. Nc5+ Ka7 77. Kd2 Bf3 78. Ke3 Bg2 79.
Kf4 Bh1 80. Ke5 Bg2 81. Kd6 Bf3 82. Ne6 Ka6 83. Nc7+ Kb7 84. d5 cxd5 85. Nxd5 Ka6 86. Kc5 1-0

[Event "Late-Titled-Tuesday-Blitz-February-27-2024"]
[Site "Chess.com"]
[Date "2024.02.27"]
[Round "4"]
[White "DeTimmerman"]
[Black "Tunahan_Makaraci"]
[Result "1/2-1/2"]
[WhiteElo "2740"]
[BlackElo "2564"]
[TimeControl "180+1"]
[EndTime "14:42:05 PST"]
[Termination "Game drawn - insufficient material"]

1. b4 Nf6 2. Bb2 b6 3. b5 a6 4. a4 axb5 5. axb5 Rxa1 6. Bxa1 Bb7 7. c4 g6 8. e3 Bg7 9. Nf3 O-O 10. Be2 d5 11. O-O Nbd7 12. d4 e6 13. Nbd2 c5 14.
bxc6 Bxc6 15. Qb3 dxc4 16. Bxc4 Qc7 17. Bb2 Bd5 18. Rc1 Bxc4 19. Nxc4 Rc8 20. h3 Qb8 21. Ba3 b5 22. Nce5 Rxc1+ 23. Bxc1 Nxe5 24. Nxe5 Nd5 25. Nd3 h5 26. Bd2 Bf8 27. e4 Nf6 28. f3 Bg7 29. Qb4 Ne8 30. Bc3 Qd6 31. Kf2 Qxb4 32. Nxb4 Nd6 33. Ke3 Kf8 34. Kd3 Ke8 35. Nc2 Kd7 36. Bb4 Nc4 37. Bc5 Bf6 38. Kc3 Bd8 39. Kb4 Kc6 40.
d5+ exd5 41. Nd4+ Kd7 42. exd5 Ne3 43. Kxb5 Nxd5 44. Ne2 Bf6 45. Kc4 Ke6 46. Kd3 Be5 47.
g3 f5 48. Bf2 Kf6 49. f4 Bc7 50. Ng1 Ke6 51. Nf3 Nb4+ 52. Ke2 Nc6 53. Be1 Kd5 54. Nh4 Ne7 55. Bb4 Bd6 56. Bc3 Ke6 57.
Nf3 Nd5 58. Ng5+ Ke7 59. Bd4 h4 60. Kf3 hxg3 61. Be5 Bxe5 62. fxe5 g2 63. Kxg2 Ne3+ 64. Kf3 Nc4 65. Kf4 Nb6 66. Nf3 Nd5+ 67. Kg5 Ke6 68. h4 Ne7 69. Kf4 Nd5+ 70. Kg5 Ne7 71. Kh6 Kd5 72. Kg7 Ke4 73. Kf7 Nd5 74. Ng5+ Kxe5 75.
Kxg6 Nf4+ 76. Kg7 Kd6 77. Kf6 Kd7 78. Kxf5 Nh5 79. Kg6 Ng3 80. Kf7 Nh5 81. Ne6 Ng3 82.
Ng7 Kd6 83. Kf6 Kd5 84. Kg5 Ke5 85. Kg4 Ne4 86. Ne8 Nf6+ 87. Nxf6 Kxf6 88. Kh5 Kg7 89. Kg5 Kh8 90. h5 Kg8 91. h6 Kh8 92. h7 Kxh7 1/2-1/2

[Event "Late-Titled-Tuesday-Blitz-February-27-2024"]
[Site "Chess.com"]
[Date "2024.02.27"]
[Round "4"]
[White "Kgutierrez95"]
[Black "pooh2012"]
[Result "1/2-1/2"]
[WhiteElo "2180"]
[BlackElo "2465"]
[TimeControl "180+1"]
[EndTime "14:42:05 PST"]
[Termination "Game drawn by repetition"]

1. e4 e6 2. d4 a6 3. c4 d5 4. exd5 exd5 5. c5 Nf6 6. Nc3 Be7 7. Nf3 O-O 8. Bd3 b6 9. cxb6 cxb6 10. Ne5 Qe8 11.
O-O Nc6 12. Nxc6 Qxc6 13. Bf4 Bg4 14. f3 Bh5 15. Rc1 Qb7 16. Qd2 Rac8 17. Rfe1 Rfe8 18. Ne2 Bg6 19. Ng3 a5 20. a3 Bxd3 21. Qxd3 b5 22. Rxc8 Rxc8 23. Nf5 Bf8 24. Nd6 Bxd6 25. Bxd6 Qd7 26.
Bc5 Re8 27. Rxe8+ Qxe8 28. Kf2 g6 29. Qe2 Qxe2+ 30. Kxe2 Nd7 31. Bd6 f6 32. b3 Kf7 33.
Kd3 Ke6 34. Bc7 a4 35. bxa4 bxa4 36. Kc3 Nf8 37. Kb4 Kd7 38. Bb6 Kc6 39. Ba7 Ne6 40. Kxa4 Nf4 41. g3 Nd3 42. Kb3 Ne1 43. f4 Nf3 44. h3 Nd2+ 45. Kb4 Ne4 46. g4 Nf2 47.
Bc5 Nxh3 48. Be7 f5 49. gxf5 gxf5 50. Bg5 Nxg5 51. fxg5 f4 52. Kc3 Kb5 53. Kd2 Ka4 54.
Ke2 Kxa3 55. Kf3 Kb4 56. Kxf4 Kc3 57. Ke5 Kc4 58. Kf6 Kxd4 59. Kg7 Ke3 60. Kxh7 d4 61. g6 d3 62. g7 d2 63. g8=Q d1=Q 64. Qe6+ Kf2 65.
Qf5+ Kg2 66. Qg5+ Kh3 67. Qh6+ Kg3 68. Qg5+ Kh2 69. Qh4+ Kg1 70. Qg5+ Kf1 71. Qf4+ Ke1 72. Qe3+ Kf1 73. Qf4+ Ke1 74. Qe3+ Kf1 75. Qf4+ 1/2-1/2

[Event "Late-Titled-Tuesday-Blitz-February-27-2024"]
[Site "Chess.com"]
[Date "2024.02.27"]
[Round "4"]
[White "vi_pranav"]
[Black "Sargsyan_Shant"]
[Result "1/2-1/2"]
[WhiteElo "3112"]
[BlackElo "2916"]
[TimeControl "180+1"]
[EndTime "14:42:12 PST"]
[Termination "Game drawn by repetition"]

1. d4 d5 2. Nc3 c6 3. Bf4 Bf5 4. e3 e6 5. f3 Bd6 6. Nge2 h6 7. g4 Bh7 8. h4 Ne7 9. Ng3 Bxf4 10. exf4 Nd7 11.
Qd2 b5 12. Kf2 b4 13. Na4 Qa5 14. b3 c5 15. a3 cxd4 16. axb4 Qc7 17. Qxd4 O-O 18. c4 Rab8 19. b5 a6 20. Be2 dxc4 21. bxc4 Rfd8 22. Qe3 axb5 23. cxb5 Nd5 24. Qd4 Nxf4 25.
Rhc1 Qe5 26. Rd1 Nh3+ 27. Kg2 Nf4+ 28. Kf2 Bd3 29. Qxe5 Nxe5 30. b6 g5 31. hxg5 hxg5 32. Bxd3 Nexd3+ 33. Ke3 Rd5 34. Ne4 Kg7 35. Rh1 f5 36.
gxf5 exf5 37. Nac3 Re5 38. Ra7+ Kg6 39. Rah7 Ng2+ 40.
Kxd3 fxe4+ 41. fxe4 Nh4 42. Rd7 Rxb6 43. Nd5 Rb3+ 44. Kd4 Re8 45. Rd6+ Kg7 46. Rd7+ Kg6 47. Rd6+ Kg7 48. Kc4 Rb7 49. Nf6 Rc8+ 50. Kd4 Nf3+ 51. Ke3 Nh4 52. Nh5+ Kh7 53. Nf6+ Kg7 54. Nd5 Rb3+ 55.
Ke2 Rc2+ 56. Kd1 Ra2 57. Rd7+ Kg6 58. Rd6+ Kf7 59. Rf1+ Kg7 60. Rd7+ Kg6 61. Rd6+ Kg7 62. Rd7+ Kh6 63. Rd6+ Ng6 64. Rh1+ Kg7 65. Rd7+ Kf8 66.
Rd8+ Kf7 67. Rf1+ Kg7 68. Rd7+ Kh6 69. Rh1+ Nh4 70. Rd6+ Kg7 71. Rd7+ Kg6 72. Rd6+ Kg7 1/2-1/2